 Dungeon Crawl Stone Soup version 0.19-a0-1019-g9c6a58d (webtiles) character file.

20 AlphabetPasta the Shooter (level 2, -1/16 HPs)
             Began as a Spriggan Wanderer on July 25, 2016.
             Killed by nerve-wracking pain
             ... invoked by Jessica
              (14 damage)
             ... on level 2 of the Dungeon.
             The game lasted 00:03:44 (725 turns).

AlphabetPasta the Shooter (Spriggan Wanderer)        Turns: 725, Time: 00:03:45

Health: -1/16      AC:  2    Str: 10    XL:     2   Next: 58%
Magic:  4/4        EV: 17    Int: 14    God:
Gold:   23         SH:  0    Dex: 12    Spells: 0 memorised, 1 level left

rFire  . . .     SeeInvis +     a - +2 shortbow
rCold  . . .     Gourm    .     e - +0 robe
rNeg   . . .     Faith    .     (shield currently unavailable)
rPois  .         Spirit   .     (helmet restricted)
rElec  .         Dismiss  .     (no cloak)
rCorr  .         Reflect  .     (gloves unavailable)
SustAt .         Harm     .     (boots unavailable)
MR     .....                    (no amulet)
Stlth  ++........               (no ring)
                                (no ring)

@: very quick, not resistant to hostile enchantments, unstealthy
A: unfitting armour, see invisible, herbivore 3, speed 3, slow metabolism 2
a: no special abilities


You were on level 2 of the Dungeon.
You were not hungry.

You visited 1 branch of the dungeon, and saw 2 of its levels.

You collected 23 gold pieces.

Inventory:

Hand Weapons
 a - a +2 shortbow (weapon)
 b - a +0 dagger
 c - a +0 blowgun
Missiles
 d - 8 poisoned needles
 i - 16 arrows (quivered)
Armour
 e - a +0 robe (worn)
Scrolls
 g - 2 scrolls of teleportation {unknown}
Potions
 h - a potion of degeneration {unknown}
Comestibles
 f - 2 bread rations


   Skills:
 + Level 2.7 Fighting
 * Level 0.0(0.6) Short Blades
   Level 1.0 Long Blades
 + Level 2.8 Bows
 - Level 1.2 Throwing
 + Level 2.3 Dodging
 + Level 2.1 Stealth
   Level 1.3 Evocations


You had one spell level left.
You didn't know any spells.

Dungeon Overview and Level Annotations

Branches:
Dungeon (2/15)

Altars:

Annotations:
D:2 Jessica


Innate Abilities, Weirdness & Mutations

You are tiny and cannot use many weapons and most armour.
You have supernaturally acute eyesight. (SInv)
You are a herbivore.
You cover ground extremely quickly.
You need consume almost no food.


Message History

a - a +2 shortbow (weapon)
Jessica misses you. 2 gnolls come into view.
Firing (i - inventory):
i - 18 arrows (quivered)
Press: ? - help, Shift-Dir - straight line, f/p - Jessica
Aim: Jessica, wielding a dagger and wearing a robe (unusually agile)
You shoot an arrow. The gnoll shouts! x2
The arrow hits Jessica.
Jessica is moderately wounded.
Jessica hits you with a dagger.
Firing (i - inventory):
i - 17 arrows (quivered)
Press: ? - help, Shift-Dir - straight line, f/p - Jessica
Aim: Jessica, wielding a dagger and wearing a robe (moderately wounded, unusually agile)
You shoot an arrow. The arrow closely misses Jessica.
The arrow hits the bat!
You kill the bat!
Jessica gestures at you while chanting. Pain shoots through your body!
Ouch! That really hurt!
You die... # ###.### .(. ....... .(. ###... .gg

###### #g# .....#
#.# ####.#### #g#
........# #@#
...#.##.# #@#
...'..#.# #.#
...#..#.# #.#
...#..#.########.#
...#..#.#......#.#
...#..#.#......#.#
...#..#.#......#.#
...#..#.#......#.#
####..#.).....(..#


You could see 4 gnolls and Jessica.

Vanquished Creatures
  A giant gecko (D:1)
  3 bats
  2 giant cockroaches (D:1)
  2 goblins (D:1)
  A hobgoblin (D:1)
  2 jackals (D:2)
  3 kobolds
  3 rats
17 creatures vanquished.

Notes
Turn   | Place    | Note
-------+----------+-------------------------------------------
     0 | D:1      | AlphabetPasta the Spriggan Wanderer began the quest for the Orb.
     0 | D:1      | AlphabetPasta set off with: a +2 shortbow, 22 arrows, a +0 robe, 11 poisoned needles, a +0 blowgun, a bread ration
     0 | D:1      | Reached XP level 1. HP: 11/11 MP: 3/3
   122 | D:1      | Reached XP level 2. HP: 14/16 MP: 4/4
   674 | D:2      | Noticed Jessica
   725 | D:2      | Killed from afar by Jessica

Vault maps used:
D:1:      mushboom_english_gardens
D:2:      lemuel_doored_altar, roderic_serpentine_path, minmay_bisected,
          uniq_jessica

Skill      XL: |  1  2 |
---------------+-------+-----
Dodging        | 2 |  2.3
Stealth        | 2 |  2.1
Fighting       | |  2.7
Long Blades    | |  1.0
Bows           | |  2.8
Throwing       | |  1.2
Evocations     | |  1.3

Action                   || total
-------------------------++-------
Melee: Dagger            ||     2
 Fire: Shortbow          ||    48
       Blowgun           ||     3
 Stab: Sleeping          ||     1
Armor: Robe              ||     5
Dodge: Dodged            ||    21
